 Dungeon Crawl Stone Soup version 0.18.1-50-g88ac8fd (webtiles) character file.

1729 FruitAndGarbage the Sneak (level 9, -1/47 (50) HPs)
             Began as a Kobold Wizard on Oct 19, 2016.
             Slain by a jelly (2 damage)
             ... on level 5 of the Dungeon on Oct 20, 2016.
             The game lasted 00:37:09 (8033 turns).

FruitAndGarbage the Sneak (Kobold Wizard)           Turns: 8033, Time: 00:37:10

HP:   -1/47 (50)    AC: -5    Str:  6    XL:     9   Next: 25%
MP:   0/25          EV: 17    Int: 19    God:
Gold: 138           SH:  0    Dex: 19    Spells: 6 memorised, 5 levels left

rFire  . . .     SeeInvis .     k - +1 dagger (venom)
rCold  . . .     Gourm    .     a - +0 robe
rNeg   . . .     Faith    .     (shield restricted)
rPois  .         Spirit   .     v - +1 hat
rElec  .         Dismiss  .     (no cloak)
rCorr  .         Reflect  .     (no gloves)
SustAt .         Harm     .     (no boots)
MR     .....                    (no amulet)
Stlth  ++++......               q - +5 ring of dexterity
                                e - ring of magical power

@: corroded, repel missiles, not resistant to hostile enchantments, stealthy
A: carnivore 3
a: no special abilities


You were on level 5 of the Dungeon.
You were very full.

You visited 1 branch of the dungeon, and saw 5 of its levels.
You also visited: Sewer.

You collected 138 gold pieces.

Inventory:

Hand Weapons
 h - a +0 dagger
 k - a +1 dagger of venom (weapon)
Armour
 a - a +0 robe (worn)
 b - a +0 hat
 v - a +1 hat (worn)
Jewellery
 e - a ring of magical power (left hand)
 q - a +5 ring of dexterity (right hand)
 r - an uncursed ring of fire
 u - an uncursed ring of stealth
Wands
 x - a wand of flame (35/48)
Scrolls
 f - a scroll of blinking
 g - a scroll of remove curse
 i - 2 scrolls of magic mapping
 o - 4 scrolls of teleportation
 t - a scroll of enchant armour {unknown}
 y - a scroll of recharging
Potions
 j - a potion of cure mutation {unknown}
 l - 3 potions of flight {unknown}
 m - a potion of magic {unknown}
 n - 2 potions of curing
 s - a potion of degeneration {unknown}
 z - a potion of brilliance {unknown}
Books
 c - a book of Minor Magic

   Spells                             Type                      Level
   a - Magic Dart                     Conjuration                  1
   b - Blink                          Translocation                2
   c - Call Imp                       Summoning                    2
   d - Repel Missiles                 Charms/Air                   2
   e - Slow                           Hexes                        2
   f - Conjure Flame                  Conjuration/Fire             3
   g - Mephitic Cloud                 Conjuration/Poison/Air       3
Comestibles
 d - 3 meat rations
 p - a royal jelly
 w - a beef jerky


   Skills:
 * Level 3.1 Fighting
 * Level 3.6 Short Blades
 + Level 4.3 Dodging
 * Level 5.3 Stealth
 + Level 5.1 Spellcasting
 * Level 3.8 Conjurations
 * Level 2.8 Hexes
 * Level 2.7 Charms
   Level 1.0 Summonings
 * Level 3.4 Translocations
 + Level 0.4 Fire Magic
 * Level 3.0 Air Magic


You had 5 spell levels left.
You knew the following spells:

 Your Spells              Type           Power        Failure   Level  Hunger
a - Magic Dart            Conj           ###.         2%          1    None
b - Blink                 Tloc           N/A          6%          2    #......
c - Repel Missiles        Chrm/Air       ###...       8%          2    #......
d - Slow                  Hex            ###.....     8%          2    #......
e - Conjure Flame         Conj/Fire      ##......     17%         3    ##.....
f - Mephitic Cloud        Conj/Pois/Air  ##......     14%         3    ##.....


Dungeon Overview and Level Annotations

Branches:
Dungeon (5/15)
 Temple: D:4-7

Altars:
Ashenzari
Elyvilon
Gozag
Makhleb
Pakellas
Qazlal
Ru
Trog
Vehumet
Yredelemnul

Shops:
D:3 }


Innate Abilities, Weirdness & Mutations

You are small and have problems with some larger weapons.
You are carnivorous and can eat meat at any time.


Message History

The jelly is heavily wounded.
The jelly completely misses you.
You hit the jelly but do no damage.
Your hands burn!
The jelly is heavily wounded.
Casting: Magic Dart
Confirm with . or Enter, or press ? or * to list all spells.
Aiming: Magic Dart
Press: ? - help, Shift-Dir - straight line, f/p - jelly
Aim: a jelly (heavily wounded)
The magic dart hits the jelly.
The jelly is severely wounded.
The jelly hits you.
You are splashed with acid!
The acid burns!
* * * LOW HITPOINT WARNING * * *
The jelly hits you.
* * * LOW HITPOINT WARNING * * *
You are splashed with acid!
The acid corrodes you!
The acid burns!
* * * LOW HITPOINT WARNING * * *
There is a large open door, spattered with blood here.
The jelly hits you.
You die...

.........(#)...).#!....
..........)..).).'....g
.(........#.)....#....g
..g#########....## ###
..('...)...#.(..#
...#...)...#....#
#############'g#########
≈≈≈≈≈....J≈≈≈≈≈≈≈≈
≈≈≈≈≈≈....@≈≈≈≈≈≈≈
≈≈≈≈≈.....≈≈≈≈≈≈≈≈
≈≈.≈......≈≈≈≈≈≈..
.......)))........
.......(..........
####.##(.#######.# #.
#(## . .##. #.########.#
... #(#........#


You could see a jelly and a goblin.

Vanquished Creatures
  3 ogres
  A phantom (D:4)
  A necrophage (D:4)
  5 big kobolds (Sewer)
  2 howler monkeys
  A crimson imp (D:5)
  2 hounds (D:4)
  5 orc priests
  A giant frog skeleton (D:4)
  3 orc wizards
  4 worker ants
  A worker ant zombie (D:5)
  4 gnolls
  16 adders
  4 river rats
  3 oozes
  5 worms
  3 dart slugs
  6 giant geckos
  20 orcs
  7 bats
  4 giant cockroaches
  20 goblins
  19 hobgoblins
  8 jackals
  18 kobolds
  11 ball pythons
  4 giant newts
  10 rats
191 creatures vanquished.

Notes
Turn   | Place    | Note
--------------------------------------------------------------
     0 | D:1      | FruitAndGarbage the Kobold Wizard began the quest for the Orb.
     0 | D:1      | Reached XP level 1. HP: 10/10 MP: 4/4
    35 | D:1      | Reached skill level 1 in Conjurations
   318 | D:1      | Reached XP level 2. HP: 15/15 MP: 4/6
   322 | D:1      | Learned a level 2 spell: Blink
   325 | D:1      | Learned a level 2 spell: Repel Missiles
   328 | D:1      | Learned a level 2 spell: Slow
  1235 | D:1      | Reached XP level 3. HP: 19/19 MP: 7/7
  1701 | D:2      | Found an opulent altar of Gozag.
  1750 | D:2      | Reached XP level 4. HP: 24/24 MP: 9/9
  2374 | D:3      | Found a burning altar of Makhleb.
  2378 | D:3      | Reached XP level 5. HP: 28/28 MP: 10/10
  2385 | D:3      | Learned a level 3 spell: Conjure Flame
  2414 | D:3      | Reached skill level 1 in Short Blades
  2580 | D:3      | Found a stormy altar of Qazlal.
  2747 | D:3      | Reached skill level 1 in Hexes
  2780 | D:3      | Found an oddly glowing altar of Pakellas.
  2780 | D:3      | Found Pakellas's Prime Provisions.
  2808 | D:3      | Reached skill level 1 in Air Magic
  3087 | D:3      | Reached XP level 6. HP: 22/33 MP: 11/11
  3214 | D:3      | Reached skill level 1 in Fighting
  3489 | D:3      | Found a bloodstained altar of Trog.
  3724 | D:4      | Noticed an ogre
  3827 | D:4      | Noticed an ogre
  3877 | D:4      | Killed an ogre
  3877 | D:4      | Reached skill level 1 in Charms
  3877 | D:4      | Reached XP level 7. HP: 19/38 MP: 0/12
  4016 | D:4      | Found a glowing drain.
  4020 | Sewer    | Entered a sewer
  4881 | Sewer    | Reached XP level 8. HP: 37/45 MP: 14/14
  5424 | D:4      | Found a shattered altar of Ashenzari.
  6219 | D:5      | Entered Level 5 of the Dungeon
  6329 | D:4      | Reached skill level 5 in Stealth
  6752 | D:5      | Reached XP level 9. HP: 19/47 MP: 16/16
  7052 | D:5      | Found a basalt altar of Yredelemnul.
  7375 | D:5      | Found a white marble altar of Elyvilon.
  7417 | D:5      | Reached skill level 5 in Spellcasting
  7568 | D:5      | Found a sacrificial altar of Ru.
  7578 | D:5      | Found a radiant altar of Vehumet.
  7981 | D:5      | Learned a level 3 spell: Mephitic Cloud
  8031 | D:5      | HP: 1/47 [acid (10)]
  8033 | D:5      | Slain by a jelly

Skill      XL: |  1  2  3  4  5  6  7  8  9 |
---------------+----------------------------+-----
Conjurations   | 1 2 3 |  3.8
Stealth        | 3 4 5 |  5.3
Short Blades   | 1 2 3 |  3.6
Dodging        | 3 4 |  4.3
Hexes          | 1 2 |  2.8
Air Magic      | 1 2 3 |  3.0
Fighting       | 1 2 3 |  3.1
Charms         | 1 2 |  2.7
Spellcasting   | 4 5 |  5.1
Translocations | 2 3 |  3.4
Summonings     | |  1.0
Fire Magic     | |  0.4

Action                   |  1- 3 |  4- 6 |  7- 9 || total
-------------------------+-------+-------+-------++-------
Melee: Unarmed           |     8 |       |       ||     8
       Dagger            |    11 |    86 |   262 ||   359
       Club              |     1 |       |       ||     1
 Cast: Magic Dart        |    76 |   131 |   274 ||   481
       Repel Missiles    |     1 |     2 |     4 ||     7
       Slow              |       |     7 |    37 ||    44
       Conjure Flame     |       |     8 |     3 ||    11
       Blink             |       |     3 |     5 ||     8
  Use: Potion            |       |     1 |       ||     1
       Scroll            |       |     5 |     1 ||     6
 Stab: Sleeping          |     4 |     3 |     5 ||    12
  Eat: Chunk             |    11 |     8 |    14 ||    33
Armor: Robe              |     3 |     8 |    24 ||    35
Dodge: Dodged            |    20 |    97 |   286 ||   403
       Deflected         |     1 |     1 |    10 ||    12
